 Dungeon Crawl Stone Soup version 0.24-a0-699-g5a66b1aa3b (webtiles) character file.

Game seed: 2916069359578995323, levelgen mode: deterministic

803 GreyFruit the Gusty (level 7, -1/37 HPs)
             Began as a Tengu Air Elementalist on Sept 29, 2019.
             Shot with an arrow by a centaur (6 damage)
             ... on level 5 of the Dungeon.
             The game lasted 00:08:47 (5525 turns).

GreyFruit the Gusty (Tengu Air Elementalist)        Turns: 5525, Time: 00:08:47

Health: -1/37      AC:  5    Str:  8    XL:     7   Next: 91%
Magic:  10/15      EV: 13    Int: 24    God:
Gold:   281        SH:  0    Dex: 14    Spells: 13/16 levels left

rFire    . . .     SeeInvis .   y - +8 dagger "Xeof" {flame, Int+6}
rCold    . . .     Gourm    .   (no shield)
rNeg     . . .     Faith    .   a - +0 robe
rPois    .         Spirit   .   (helmet restricted)
rElec    .         Reflect  .   (no cloak)
rCorr    +         Harm     .   l - +2 pair of gloves
MR       .....                  (boots unavailable)
Stlth    ++........             (no amulet)
HPRegen  0.12/turn              o - ring of resist corrosion
MPRegen  0.14/turn              (no ring)

@: no status effects
A: beak, talons 3, able to fly
a: Fly


You were on level 5 of the Dungeon.
You were not hungry.

You visited 1 branch of the dungeon, and saw 5 of its levels.

You collected 281 gold pieces.

Inventory:

Hand Weapons
 b - a +0 short sword
 e - a +0 whip
 w - a +0 falchion
 y - the +8 dagger "Xeof" (weapon) {flame, Int+6}
   (You found it on level 4 of the Dungeon)

   It has been specially enchanted to burn those struck by it, causing extra
   injury to most foes and up to half again as much damage against particularly
   susceptible opponents.
   It affects your intelligence (+6).
Missiles
 d - 33 poisoned darts (quivered)
Armour
 a - a +0 robe (worn)
 l - a +2 pair of gloves (worn)
Jewellery
 o - a ring of resist corrosion (left hand)
Wands
 A - a wand of iceblast (10)
Scrolls
 f - 2 scrolls of blinking {unknown}
 g - 3 scrolls of magic mapping {unknown}
 i - a scroll of teleportation {unknown}
 j - a scroll of immolation {unknown}
 k - 2 scrolls of amnesia {unknown}
 m - 7 scrolls of identify {unknown}
 p - a scroll of fear {unknown}
 q - 3 scrolls of remove curse {unknown}
 r - a scroll of random uselessness {unknown}
 x - a scroll of fog {unknown}
Potions
 h - a potion of agility {unknown}
 n - a potion of mutation {unknown}
 s - 3 potions of lignification {unknown}
 t - 4 potions of curing {unknown}
 u - a potion of haste {unknown}
 v - 2 potions of might {unknown}
 B - a potion of brilliance {unknown}
Comestibles
 c - 9 rations
 z - 8 chunks of flesh


   Skills:
 + Level 0.5 Fighting
 + Level 0.2 Maces & Flails
 + Level 3.1 Dodging
 - Level 2.0 Stealth
 + Level 5.0 Spellcasting
 + Level 5.8 Conjurations
 + Level 7.3 Air Magic


You had 13 spell levels left.
You knew the following spells:

 Your Spells              Type           Power        Failure   Level  Hunger
a - Shock                 Conj/Air       ####         1%          1    None
b - Swiftness             Chrm/Air       ###.....     3%          2    None

Your spell library contained the following spells:

 Spells                   Type           Power        Failure   Level  Hunger
 Static Discharge         Conj/Air       #####...     1%          3    ##.....
 Flame Tongue             Conj/Fire      ###..        2%          1    None
 Throw Flame              Conj/Fire      ###...       4%          2    None
 Airstrike                Air            #####.....   4%          4    ####...
 Beastly Appendage        Tmut           #.....       9%          1    None
 Conjure Flame            Conj/Fire      ###.....     9%          3    ##.....
 Sticks to Snakes         Tmut           #.......     13%         2    None
 Lightning Bolt           Conj/Air       #####.....   17%         5    #####..
 Inner Flame              Hex/Fire       #.......     26%         3    ##.....
 Spider Form              Tmut/Pois      #.........   26%         3    ##.....
 Sticky Flame             Conj/Fire      ###.....     26%         4    ####...
 Fireball                 Conj/Fire      ###.......   58%         5    #####..
 Ice Form                 Ice/Tmut       #.......     65%         4    ####...
 Blade Hands              Tmut           #.........   94%         5    #####..


Dungeon Overview and Level Annotations

Branches:
Dungeon (5/15)
 Temple: D:4-7

Altars:
Vehumet
The Shining One

Shops:
D:4 !


Innate Abilities, Weirdness & Mutations

You have a beak for a mouth.
You have claws for feet.
You can fly continuously.


Message History

Aim: a centaur, wielding a +0 shortbow (moderately wounded)
The zap hits the centaur.
The centaur is moderately wounded.
The centaur shoots an arrow.
The arrow hits you!
* * * LOW HITPOINT WARNING * * *
Casting: Shock (safe; 1% risk of failure)
Confirm with . or Enter, or press ? or * to list all spells.
Aiming: Shock (safe; 1% risk of failure)
Press: ? - help, Shift-Dir - straight line, f/p - centaur
Aim: a centaur, wielding a +0 shortbow (moderately wounded)
The zap hits the centaur!
The centaur is severely wounded.
The centaur shoots an arrow.
The arrow closely misses you.
Casting: Shock (safe; 1% risk of failure)
Confirm with . or Enter, or press ? or * to list all spells.
Aiming: Shock (safe; 1% risk of failure)
Press: ? - help, Shift-Dir - straight line, f/p - centaur
Aim: a centaur, wielding a +0 shortbow (severely wounded)
The zap misses the centaur.
The centaur shoots an arrow.
The arrow hits you.
You die...

## ###.# #.. ##.?.... #.#
## #......##. #.# #.
...☼☼... #.#
###.###.._☼○# #.#
#..((...☼☼..#
#.######....@......# ###
#.##...........c##.##
..###.##.###............#
#..<..##.# #.....##.##..#
#.######.# ###>#.##.# ..#
#.# ##.## #.#.##.# ...#
..#####...####......#
...#
.(......#........#..#
...#
.######...########..#
#.##


You could see a centaur.

Vanquished Creatures
  Menkaure (D:4)
  A phantom (D:4)
  4 orc priests
  A hound (D:4)
  3 orc wizards (D:4)
  Ijyb (D:4)
  Natasha (thrice) (D:3)
  2 centaur skeletons (D:4)
  2 worker ants (D:4)
  A hound zombie (D:4)
  Robin (D:2)
  2 adders (D:2)
  An adder skeleton (D:4)
  2 dart slugs
  A leopard gecko (D:2)
  11 orcs
  10 bats
  5 giant cockroaches
  23 goblins
  6 hobgoblins
  12 jackals
  6 kobolds
  2 quokkas
  2 frilled lizards
  8 rats
111 creatures vanquished.

Vanquished Creatures (others)
  2 orc priests (D:5)
  An orc wizard (D:5)
  An orc (D:5)
4 creatures vanquished.

Grand Total: 115 creatures vanquished

Notes
Turn   | Place    | Note
-------+----------+-------------------------------------------
     0 | D:1      | GreyFruit the Tengu Air Elementalist began the quest for
                  | the Orb.
     0 | D:1      | Reached XP level 1. HP: 10/10 MP: 4/4
   275 | D:1      | Reached XP level 2. HP: 15/15 MP: 3/6
   860 | D:1      | Reached XP level 3. HP: 18/19 MP: 3/7
  1577 | D:2      | Reached skill level 5 in Air Magic
  1615 | D:2      | Learned a level 2 spell: Swiftness
  1829 | D:2      | Reached XP level 4. HP: 24/24 MP: 0/8
  2107 | D:2      | Noticed Robin
  2410 | D:2      | Killed Robin
  2511 | D:2      | Found a glowing golden altar of the Shining One.
  2718 | D:3      | Found a faded altar of an unknown god.
  2725 | D:3      | Noticed Natasha
  2734 | D:3      | Killed Natasha
  2734 | D:3      | Gained mutation: You can fly continuously. [Tengu growth]
  2734 | D:3      | Reached XP level 5. HP: 28/28 MP: 0/10
  2745 | D:3      | Noticed Natasha
  2797 | D:3      | Killed Natasha
  2836 | D:3      | Noticed Natasha
  2842 | D:3      | Killed Natasha
  3426 | D:4      | Noticed Menkaure
  3433 | D:4      | Killed Menkaure
  3433 | D:4      | Reached skill level 6 in Air Magic
  3433 | D:4      | Reached XP level 6. HP: 21/32 MP: 3/12
  3922 | D:4      | Reached XP level 7. HP: 36/36 MP: 3/14
  4149 | D:4      | Reached skill level 5 in Conjurations
  4446 | D:4      | Got a translucent dagger
  4447 | D:4      | Identified the +8 dagger "Xeof" {flame, Int+6} (You found
                  | it on level 4 of the Dungeon)
  4764 | D:4      | Reached skill level 7 in Air Magic
  4818 | D:4      | Found Tibbaovie's Distillery.
  5074 | D:4      | Noticed Ijyb
  5082 | D:4      | Killed Ijyb
  5274 | D:5      | Entered Level 5 of the Dungeon
  5300 | D:5      | Reached skill level 5 in Spellcasting
  5499 | D:5      | Found a radiant altar of Vehumet.
  5525 | D:5      | Shot with an arrow by a centaur

Levels and vault maps discovered:
D:1:      eino_arrival_cavern_b, layout_basic, minmay_3d_cube
D:2:      layout_loops_cross, tso_altar, uniq_robin
D:3:      layout_rooms, chequers_ecumenical_altar_simple,
          minmay_misc_feat_roman, uniq_natasha
D:4:      kennysheep_goblin_castle, layout_loops_ring, first_ration,
          serial_shops, shop, uniq_menkaure
D:5:      layout_loops_ring, fiery_altar_vehumet, lemuel_temple_firewalk_b

Skill      XL: |  1  2  3  4  5  6  7 |
---------------+----------------------+-----
Conjurations   | 2 3 4 5 |  5.8
Air Magic      | 5 6 7 |  7.3
Spellcasting   | 3 4 5 |  5.0
Dodging        | 3 |  3.1
Fighting       | |  0.5
Maces & Flails | |  0.2
Stealth        | |  2.0

Action                   |  1- 3 |  4- 6 |  7- 9 || total
-------------------------+-------+-------+-------++-------
Melee: Short sword       |     2 |       |       ||     2
       Kick              |     2 |     3 |     5 ||    10
       Whip              |     8 |     7 |       ||    15
       Peck              |     1 |     2 |     5 ||     8
       Dagger            |       |       |     9 ||     9
       Falchion          |       |       |     7 ||     7
 Cast: Shock             |    73 |   108 |    87 ||   268
  Eat: Chunk             |     4 |     4 |     4 ||    12
       Ration            |       |     1 |       ||     1
Armor: Robe              |     9 |     6 |    14 ||    29
Dodge: Dodged            |    23 |    32 |    19 ||    74
       Rpst.: Falchion   |       |       |     2 ||     2

Table legend:
 A = Non-vault XP
 B = Vault XP
 C = Vault XP percentage of total XP
 D = Non-vault monster count
 E = Vault monster count
 F = Vault count percentage of total count
                 A         B        C        D         E       F
            +---------+---------+-------+---------+---------+-------
      Total |     845 |     303 |  26.4 |      83 |      28 |  25.2
            +---------+---------+-------+---------+---------+-------
        D:1 |      36 |       9 |  20.0 |      21 |       5 |  19.2
        D:2 |      60 |      33 |  35.5 |      20 |      10 |  33.3
        D:3 |      88 |      36 |  29.0 |      12 |       1 |   7.7
        D:4 |     571 |     225 |  28.3 |      26 |      12 |  31.6
        D:5 |      90 |       0 |   0.0 |       4 |       0 |   0.0
            +---------+---------+-------+---------+---------+-------
